 Dungeon Crawl Stone Soup version 0.27-a0-1281-ge233d83751 (webtiles) character file.

Game seed: 4463178377284748140

23 mandarbmax the Insei (level 2, -4/21 HPs)
             Began as a Merfolk Transmuter on June 13, 2021.
             Killed by nerve-wracking pain
             ... invoked by Jessica
              (13 damage)
             ... on level 2 of the Dungeon.
             The game lasted 00:01:00 (1057 turns).

mandarbmax the Insei (Merfolk Transmuter)           Turns: 1057, Time: 00:01:01

Health: -4/21      AC:  2    Str: 10    XL:     2   Next: 95%
Magic:  5/5        EV: 13    Int: 12    God:
Gold:   45         SH:  0    Dex: 14    Spells: 2/5 levels left

rFire    . . .     SeeInvis .     - Unarmed
rCold    + . .     Faith    .   (no shield)
rNeg     . . .     Spirit   .   a - +0 robe
rPois    .         Reflect  .   (no helmet)
rElec    .         Harm     .   (no cloak)
rCorr    .         Rampage  .   (no gloves)
Will     .....                  (no boots)
Stlth    +.........             c - amulet of magic regeneration
HPRegen  0.07/turn              b - ring of protection from cold
MPRegen  0.34/turn              (no ring)

@: no status effects
A: (nimble swimmer 2), mertail
a: no special abilities


You were on level 2 of the Dungeon.
You visited 1 branch of the dungeon, and saw 2 of its levels.

You collected 45 gold pieces.

Inventory:

Armour
 a - a +0 robe (worn)
Jewellery
 b - a ring of protection from cold (left hand)
 c - an amulet of magic regeneration (around neck)
Scrolls
 d - a scroll of identify {unknown}
 e - a scroll of silence {unknown}


   Skills:
 - Level 1.1 Fighting
 - Level 3.0 Dodging
 + Level 4.3 Unarmed Combat
 - Level 2.0 Spellcasting
 - Level 2.6 Transmutations


You had 2 spell levels left.
You knew the following spells:

 Your Spells              Type           Power      Damage    Failure   Level
a - Beastly Appendage     Tmut           14%        N/A       9%          1
b - Wereblood             Tmut           7%         N/A       14%         2

Your spell library contained the following spells:

 Spells                   Type           Power      Damage    Failure   Level
 Spider Form              Tmut/Pois      2%         N/A       43%         3
 Ice Form                 Ice/Tmut       4%         N/A       83%         4


Dungeon Overview and Level Annotations

Branches:
Dungeon (2/15)

Altars:

Annotations:
D:2 Jessica


Innate Abilities, Weirdness & Mutations

((You are quick and stealthy near water. (Stealth+, EV+, Speed+++)))
Your lower body shifts to a powerful aquatic tail in water.


Message History

You barely resist.
Your transformation is almost over.
Jessica barely misses you.
You hit Jessica.
Jessica is heavily wounded.
Jessica misses you.
You closely miss Jessica. Your headbutt misses Jessica.
Jessica is heavily wounded.
Jessica hits you with a +0 dagger.
You hit Jessica.
Jessica is almost dead.
You closely miss Jessica.
Jessica is almost dead.
Jessica barely misses you.
You closely miss Jessica.
Jessica is almost dead.
Jessica hits you but does no damage.
You hit Jessica but do no damage.
Jessica is almost dead.
Jessica closely misses you.
You hit Jessica but do no damage.
Jessica is almost dead.
Jessica hits you with a +0 dagger.
You closely miss Jessica.
Jessica is severely wounded.
Jessica completely misses you.
You hit Jessica but do no damage.
Jessica is severely wounded.
Your horns disappear.
Jessica hits you with a +0 dagger.
You are too injured to fight recklessly!
You closely miss Jessica.
Jessica is severely wounded.
Jessica barely misses you.
You hit Jessica.
Jessica is almost dead.
Jessica gestures at you while chanting. Pain shoots through your body!
Ouch! That really hurt!
You die...

......# #.#
..##### #.#
<.#
#####.####
#.#
#........#
#+#
#.#...##.#
#........#
#.#...##.#
#.#..###.#
#.... #@#
........@.#
##....###.#
#.#.# #.#
#. #.# .>#
###


You could see Jessica.

Vanquished Creatures
  2 ball pythons (D:1)
  2 goblins (D:1)
  6 jackals (D:1)
  3 kobolds (D:1)
  A quokka (D:1)
  2 bats (D:1)
  2 frilled lizards (D:1)
  2 rats
20 creatures vanquished.

Notes
Turn   | Place    | Note
-------+----------+-------------------------------------------
     0 | D:1      | mandarbmax the Merfolk Transmuter began the quest for the
                  | Orb.
     0 | D:1      | Reached XP level 1. HP: 15/15 MP: 3/3
   225 | D:1      | Reached XP level 2. HP: 21/21 MP: 3/5
   299 | D:1      | Reached skill level 4 in Unarmed Combat
   444 | D:1      | Learned a level 2 spell: Wereblood
  1042 | D:2      | Noticed Jessica
  1057 | D:2      | Killed from afar by Jessica

Illustrated notes

Levels and vault maps discovered:
D:1:      lemuel_arrival_tunnels, layout_rooms
D:2:      layout_loops_corners, serial_shops, shop,
          shapermc_ecumenical_altar_notcrosses, uniq_jessica, uniq_robin

Skill      XL: |  1  2 |
---------------+-------+-----
Dodging        | 3 |  3.0
Unarmed Combat | 4 |  4.3
Fighting       | |  1.1
Spellcasting   | |  2.0
Transmutations | |  2.6

Action                   || total
-------------------------++-------
Melee: Unarmed           ||    64
       Headbutt          ||     8
       Punch             ||     2
 Cast: Beastly Appendage ||    15
 Stab: Sleeping          ||     1
Armor: Robe              ||    21
Dodge: Dodged            ||    55

Table legend: (Time is in decaauts)
 A = Elapsed time spent in this place.
 B = Non-inter-level travel time spent in this place.
 C = Inter-level travel time spent in this place.
 D = Time resting spent in this place.
 E = Time spent auto-exploring this place.
 F = Levels seen in this place.
 G = Mean time per level.
                   A        B        C        D        E       F      G
               +--------+--------+--------+--------+--------+-----+--------+
         Total |   1051 |   1026 |     25 |    323 |    577 |   2 |  525.5 |
       Dungeon |   1051 |   1026 |     25 |    323 |    577 |   2 |  525.5 |
               +--------+--------+--------+--------+--------+-----+--------+

Top non-repeatable levels by time:
     D:1: 997 daAuts
     D:2: 54 daAuts
